 Dungeon Crawl Stone Soup version 0.26.1-10-gdfb7c7de75 (webtiles) character file.

Game seed: 7133225888349554241

6477 manyhoops the Cleaver (level 10, -2/132 HPs)
             Began as a Palentonga Fighter on Apr 1, 2021.
             Was a Follower of Hepliaklqana.
             Slain by a queen bee (5 damage)
             ... in a Gauntlet.
             The game lasted 00:32:16 (11980 turns).

manyhoops the Cleaver (Palentonga Fighter)         Turns: 11980, Time: 00:32:16

Health: -2/132     AC: 22    Str: 25    XL:     10   Next: 68%
Magic:  0/19       EV:  8    Int: 13    God:    Hepliaklqana [*.....]
Gold:   267        SH:  0    Dex: 10    Spells: 9/9 levels left

rFire    . . .     SeeInvis +   m - +10 battleaxe of Qyci {flame, rC+ MP+9 Str+3 Int+4}
rCold    + + .     Faith    .   (shield currently unavailable)
rNeg     . . .     Spirit   +   y - +1 swamp dragon scales
rPois    +         Reflect  .   (no helmet)
rElec    .         Harm     .   v - +2 cloak {Will+}
rCorr    .         Rampage  .   D - +1 pair of gloves
Will     +....     NoTele   +   (no barding)
Stlth    ..........             h - amulet of guardian spirit
HPRegen  0.32/turn              n - ring of protection from cold (curse)
MPRegen  0.16/turn              C - ring of poison resistance

@: mighty, berserking, lethally poisoned (-2 -> -3), curled up, very quick
A: large, reduced essence, rugged brown scales 3, see invisible, deformed body,
roll 1, armoured tail, reflexive curl
a: Rolling Charge, Renounce Religion, Recall Ancestor, Ancestor Identity


You were in a Gauntlet.
You worshipped Hepliaklqana.
Hepliaklqana was aware of your devotion.
You visited 2 branches of the dungeon, and saw 12 of its levels.
You also visited: Sewer and Gauntlet.

You collected 501 gold pieces.
You spent 234 gold pieces at shops.

Inventory:

Hand Weapons
 m - the +10 battleaxe of Qyci (weapon) {flame, rC+ MP+9 Str+3 Int+4}
   (You found it on level 4 of the Dungeon)

   It has been specially enchanted to burn those struck by it, causing extra
   injury to most foes and up to half again as much damage against particularly
   susceptible opponents.
   Big, fiery blades are also staple armaments of hydra-hunters.
   It affects your strength (+3).
   It affects your intelligence (+4).
   It protects you from cold.
   It affects your magic capacity (+9).
Missiles
 x - 19 poisoned darts
Armour
 a - a scarf of shadows
 f - the +1 scale mail of the Tick {rF+ rC+ rN+ Stlth-}
   (You bought it in a shop on level 5 of the Dungeon)

   It protects you from fire.
   It protects you from cold.
   It protects you from negative energy.
   It makes you less stealthy.
 q - a scarf of repulsion
 v - a +2 cloak of willpower (worn)
 y - +1 swamp dragon scales (worn)
 D - a +1 pair of gloves (worn)
Jewellery
 h - an amulet of guardian spirit (around neck)
 n - a cursed ring of protection from cold (left hand)
 C - a ring of poison resistance (right hand)
Wands
 j - a wand of random effects (16)
 p - a wand of polymorph (6)
 w - a wand of flame (38)
Scrolls
 b - a scroll of enchant armour
 d - 5 scrolls of fog
 e - 5 scrolls of teleportation
 g - 5 scrolls of enchant weapon
 l - a scroll of fear
 o - 3 scrolls of magic mapping
 r - a scroll of brand weapon
 u - 3 scrolls of remove curse
 A - a scroll of acquirement {unknown}
Potions
 c - a potion of invisibility
 i - a potion of magic
 k - 5 potions of curing
 s - a potion of brilliance
 t - 2 potions of might
 z - a potion of degeneration


   Skills:
 - Level 9.4 Fighting
 - Level 11.1 Axes
 + Level 6.9 Armour
 - Level 1.2 Stealth
 - Level 2.7 Shields


You had 9 spell levels left.
You didn't know any spells.
Your spell library contained the following spells:

 Spells                   Type           Power        Failure   Level
 Animate Skeleton         Necr           0%           41%         1
 Freeze                   Ice            0%           41%         1
 Pain                     Necr           0%           41%         1
 Poisonous Vapours        Pois/Air       0%           56%         2
 Conjure Flame            Conj/Fire      0%           80%         3
 Frozen Ramparts          Ice            0%           80%         3
 Mephitic Cloud           Conj/Pois/Air  0%           80%         3
 Ozocubu's Armour         Ice            0%           80%         3
 Vampiric Draining        Necr           0%           80%         3
 Animate Dead             Necr           0%           99%         4
 Hailstorm                Conj/Ice       0%           99%         4
 Summon Ice Beast         Ice/Summ       0%           99%         4
 Agony                    Necr           0%           100%        5
 Freezing Cloud           Conj/Ice/Air   0%           100%        6


Dungeon Overview and Level Annotations

Branches:
Dungeon (12/15)            Temple (1/1) D:6            Lair (0/6) D:8
  Sewer (visited)         Gauntlet (1/1)
    Orc: D:9-12

Altars:
Ashenzari
Cheibriados
Dithmenos
Elyvilon
Fedhas
Hepliaklqana
Makhleb
Nemelex Xobeh
Qazlal
Ru
Sif Muna
Trog
Uskayaw
Vehumet
Wu Jian
Xom
Yredelemnul
Zin
The Shining One

Shops:
D:5 [

Annotations:
D:4 2 runed translucent doors Gauntlet 16 runed translucent doors, 11 transporters, exclusion: ice statue


Innate Abilities, Weirdness & Mutations

You are completely covered in rugged brown scales. (AC +3, +7% HP)
You have supernaturally acute eyesight. (SInv)
Armour fits poorly on your strangely shaped body.
You can roll at nearby foes to attack.
You have a long armoured tail.
You curl defensively after being hit.
Your life essence is reduced to manifest your ancestor. (-10% HP)


Message History

The queen bee stings you!
* * * LOW HITPOINT WARNING * * *
The killer bee closely misses you. x2
A red film seems to cover your vision as you go berserk!
You feel yourself moving faster!
You feel mighty! The killer bee stings you.
* * * LOW HITPOINT WARNING * * *
The killer bee misses you. The killer bee stings you!
* * * LOW HITPOINT WARNING * * *
The killer bee stings you but does no damage.
The queen bee stings you!
* * * LOW HITPOINT WARNING * * *
The killer bee stings you but does no damage.
The killer bee closely misses you.
You are too berserk!
Okay, then.
You miss the killer bee. You slash the queen bee! You burn the queen bee.
You barely miss the killer bee.
The killer bee stings you but does no damage. x2
The queen bee stings you.
You die...

######...###########..#
.......≈.............§###
......≈8≈........∩...∩#8#
.......≈.............≈###
######...###########..#
.#.54#...#...'..+..#..###
..#.3#...#...'..+^.#..#8#
..##.#####:.##'y#++#..###
.#..##...#..+..y@..#..#
©....#©.©#©.+..y#.©#©.###
.#..##...#..+...+..#..#8#
..##.#####[.##++#++#..###
..#..#...#...+..+^.#..#
.#...#.8.#...+..+..#..###
######...###########..#8#
......................###
.....................≈#


You could see a queen bee and 2 killer bees.

Vanquished Creatures
  Pikel (D:6)
  An ugly thing (D:7)
  Maggie (D:7)
  Sigmund (D:6)
  A wyvern (D:8)
  Eustachio (D:6)
  A steam dragon (D:9)
  Edmund (D:4)
  An ice beast (D:7)
  6 sky beasts
  An orc warrior (D:9)
  A black bear (D:6)
  4 centaurs
  5 ogres
  Blork the orc (D:6)
  3 bullfrogs
  A scorpion (D:9)
  5 wights
  17 killer bees
  A howler monkey (D:3)
  2 centaur zombies
  6 jellies
  A gnoll shaman (D:7)
  6 orc priests
  Crazy Yiuf (D:6)
  6 hounds
  A centaur skeleton (D:4)
  6 orc wizards
  6 iguanas
  11 worker ants
  16 adders
  15 gnolls
  A howler monkey skeleton (D:7)
  3 river rats
  2 shadow imps
  3 white imps
  3 ufetubi
  3 adder skeletons
  A worm (D:2)
  3 dart slugs
  7 leopard geckos
  28 orcs
  6 ball pythons
  4 bats
  6 giant cockroaches
  2 gnoll zombies (D:3)
  11 goblins
  11 hobgoblins
  5 jackals
  6 kobolds
  3 quokkas
  13 frilled lizards
  A leopard gecko skeleton (D:4)
  A quokka skeleton (D:4)
  A quokka zombie (D:7)
  12 rats
267 creatures vanquished.

Vanquished Creatures (collateral kills)
  An orc warrior (D:8)
  An adder (D:9)
  2 hobgoblins (D:8)
4 creatures vanquished.

Vanquished Creatures (others)
  3 fungi (D:1)
  2 plants (D:1)
5 creatures vanquished.

Grand Total: 276 creatures vanquished

Notes
Turn   | Place    | Note
-------+----------+-------------------------------------------
     0 | D:1      | manyhoops the Palentonga Fighter began the quest for the
                  | Orb.
     0 | D:1      | Reached XP level 1. HP: 20/20 MP: 1/1
   306 | D:1      | Reached XP level 2. HP: 27/27 MP: 2/2
   630 | D:2      | Found a glowing golden altar of the Shining One.
   688 | D:2      | Reached XP level 3. HP: 13/33 MP: 3/3
  1535 | D:2      | Found a faded altar of an unknown god.
  1765 | D:3      | Found a glowing drain.
  1782 | D:3      | Reached skill level 3 in Axes
  1782 | D:3      | Reached XP level 4. HP: 7/40 MP: 4/4
  1893 | Sewer    | Entered a sewer
  3271 | D:3      | Found a shadowy altar of Dithmenos.
  3508 | D:3      | Reached skill level 4 in Axes
  3508 | D:3      | Reached XP level 5. HP: 28/49 MP: 5/5
  4002 | D:3      | Found a basalt altar of Yredelemnul.
  4424 | D:4      | Reached XP level 6. HP: 54/55 MP: 6/6
  4607 | D:4      | Noticed Edmund
  4736 | D:4      | Found a large runed translucent door.
  4736 | D:4      | Noticed a sky beast
  4738 | D:4      | Found a large runed translucent door.
  4791 | D:4      | Reached skill level 5 in Axes
  5211 | D:4      | Got a crystal battleaxe
  5218 | D:4      | Identified the +10 battleaxe of Qyci {flame, rC+ MP+9 Str+3
                  | Int+4} (You found it on level 4 of the Dungeon)
  5309 | D:4      | Found a large runed translucent door.
  5309 | D:4      | Found a large runed translucent door.
  5333 | D:4      | Reached skill level 6 in Axes
  5333 | D:4      | Gained mutation: You curl defensively after being hit.
                  | [Palentonga growth]
  5333 | D:4      | Reached XP level 7. HP: 57/64 MP: 7/7
  5335 | D:4      | Reached skill level 5 in Fighting
  5632 | D:4      | Killed Edmund
  5740 | D:5      | Entered Level 5 of the Dungeon
  5744 | D:5      | Reached skill level 7 in Axes
  5747 | D:5      | Reached XP level 8. HP: 46/74 MP: 8/8
  5989 | D:5      | Found Zutuq's Antique Armour Shoppe.
  6002 | D:5      | Reached skill level 8 in Axes
  6334 | D:5      | Found a sparkling altar of Nemelex Xobeh.
  6405 | D:5      | Reached skill level 1 in Stealth
  6754 | D:6      | Noticed Eustachio
  6757 | D:6      | Killed Eustachio
  6775 | D:6      | Noticed Sigmund
  6778 | D:6      | Killed Sigmund
  6779 | D:6      | Reached skill level 9 in Axes
  6828 | D:6      | Found a shimmering blue altar of Sif Muna.
  6982 | D:6      | Reached XP level 9. HP: 69/84 MP: 9/9
  7056 | D:6      | Noticed Pikel
  7062 | D:6      | Killed Pikel
  7211 | D:6      | Reached skill level 10 in Axes
  7710 | D:6      | Found a runed translucent door.
  7711 | D:6      | Noticed Crazy Yiuf
  7927 | D:6      | Killed Crazy Yiuf
  8303 | D:7      | Noticed Maggie
  8827 | D:7      | Noticed a cyan ugly thing
  8837 | D:7      | Killed a cyan ugly thing
  8838 | D:7      | Reached skill level 11 in Axes
  8838 | D:7      | Reached XP level 10. HP: 53/97 MP: 10/10
  9232 | D:7      | You fall into a shaft and drop 1 floor!
  9305 | D:8      | Found a staircase to the Lair.
  9376 | D:7      | Killed Maggie
  9536 | D:5      | Bought a smoking scale mail for 234 gold pieces
  9546 | D:5      | Identified the cursed +1 scale mail of the Tick {rF+ rC+
                  | rN+ Stlth-} (You bought it in a shop on level 5 of the
                  | Dungeon)
  9711 | D:6      | Found a staircase to the Ecumenical Temple.
  9711 | D:6      | Noticed Blork the orc
  9714 | D:6      | Killed Blork the orc
  9721 | Temple   | Entered the Ecumenical Temple
  9845 | Temple   | Became a worshipper of Hepliaklqana the Forgotten
 10397 | D:8      | Reached skill level 5 in Armour
 10564 | D:8      | Found a bloodstained altar of Trog.
 11121 | D:9      | Got an ichor-stained kite shield
 11124 | D:9      | Identified the +3 kite shield of Autumn {rF+ Dex+4} (You
                  | found it on level 9 of the Dungeon)
 11513 | D:10     | Entered Level 10 of the Dungeon
 11543 | D:10     | Reached * piety under Hepliaklqana
 11659 | D:10     | Found a radiant altar of Vehumet.
 11663 | D:10     | You fall into a shaft and drop 2 floors!
 11682 | D:12     | Found a gate leading to a gauntlet.
 11691 | Gauntlet | Entered a Gauntlet
 11691 | Gauntlet | Found a large runed translucent door.
 11691 | Gauntlet | Found a large runed translucent door.
 11691 | Gauntlet | Found a large runed translucent door.
 11691 | Gauntlet | Found a large runed translucent door.
 11691 | Gauntlet | Found a large runed translucent door.
 11691 | Gauntlet | Found a large runed translucent door.
 11691 | Gauntlet | Found a large runed translucent door.
 11691 | Gauntlet | Found a large runed translucent door.
 11691 | Gauntlet | Found a runed translucent door.
 11691 | Gauntlet | Found a runed translucent gate.
 11691 | Gauntlet | Found a transporter.
 11691 | Gauntlet | Found a transporter.
 11691 | Gauntlet | Found a runed translucent gate.
 11691 | Gauntlet | Found a transporter.
 11691 | Gauntlet | Noticed an ice statue
 11692 | Gauntlet | Found a transporter.
 11695 | Gauntlet | Found a transporter.
 11695 | Gauntlet | Found a transporter.
 11697 | Gauntlet | Found a runed translucent door.
 11697 | Gauntlet | Found a runed translucent gate.
 11705 | Gauntlet | Found a large runed translucent door.
 11705 | Gauntlet | Found a large runed translucent door.
 11709 | Gauntlet | Noticed a wizard
 11712 | Gauntlet | Noticed a rust devil
 11714 | Gauntlet | Found a transporter.
 11715 | Gauntlet | Found a transporter.
 11717 | Gauntlet | Noticed a hell hog
 11724 | Gauntlet | Noticed an orange demon
 11724 | Gauntlet | Noticed a green death
 11726 | Gauntlet | Found a transporter.
 11728 | Gauntlet | Noticed an orange demon
 11770 | Gauntlet | Found a large runed translucent door.
 11770 | Gauntlet | Found a large runed translucent door.
 11773 | Gauntlet | Found a large runed translucent door.
 11773 | Gauntlet | Found a large runed translucent door.
 11774 | Gauntlet | Found a large runed translucent door.
 11775 | Gauntlet | Found a large runed translucent door.
 11828 | Gauntlet | Found a transporter.
 11830 | Gauntlet | Found a transporter.
 11840 | Gauntlet | Found a transporter.
 11979 | Gauntlet | HP: 3/132 [queen bee (7)]
 11980 | Gauntlet | Slain by a queen bee

Illustrated notes

Levels and vault maps discovered:
D:1:      wander_arrival_fairy_ring, layout_rooms
D:2:      layout_rooms, nicolae_overflow_hidden_temple,
          chequers_ecumenical_altar_twisty
D:3:      layout_loops_ring, lemuel_zombie_altar_yredelemnul,
          grunt_dithmenos_smoke_and_mirrors, cheibrodos_sewer_entry_sluice,
          minmay_door_square
D:4:      layout_loops_ring, minmay_hollow_rounded_squares, uniq_edmund
D:5:      layout_basic, nemelex_altar_shiori, serial_shops, shop, serial_glass,
          glass_columns_b, glass_columns_b
D:6:      layout_loops_corners, kennysheep_little_box, temple_green,
          minmay_misc_feat_chi, uniq_crazy_yiuf_cottage, uniq_pikel,
          uniq_sigmund, uniq_eustachio, uniq_blork_the_orc
D:7:      minmay_razor_zed, layout_rooms, uniq_maggie
D:8:      layout_loops_ring, lair_entry_dummy, trog_hazing_becter
D:9:      layout_loops_ring
D:10:     layout_irregular_city, david_orc_3, basic_altar, hangedman_decor_push,
          chequers_serial_rivers_small_a
D:12:     layout_roguey, gauntlet_entry_generic, special_room
          [special_room_bee], serial_curves, eino_curves_02, eino_curves_03,
          eino_curves_01, eino_curves_01, minivault_12
Temple:   nicolae_temple_god_jail
Gauntlet: gammafunk_gauntlet_hard_choice
          [minmay_gauntlet_arena_make_your_own_arena,
          nicolae_gauntlet_arena_quarters, gammafunk_gauntlet_arena_chambers,
          nicolae_gauntlet_arena_blocks, nicolae_gauntlet_swirl,
          nicolae_gauntlet_arena_t_cross, gauntlet_exit_green]

Skill      XL: |  1  2  3  4  5  6  7  8  9 10 |
---------------+-------------------------------+-----
Armour         | 3 6 |  6.9
Axes           | 3 4 6 7 9 11 | 11.1
Fighting       | 4 5 7 9 |  9.4
Stealth        | 1 |  1.2
Shields        | |  2.7

Action                   |  1- 3 |  4- 6 |  7- 9 | 10-12 || total
-------------------------+-------+-------+-------+-------++-------
Melee: War axe           |    75 |    65 |       |       ||   140
       Tailslap          |    13 |    41 |    13 |    10 ||    77
       Battleaxe         |    50 |   195 |   177 |   117 ||   539
 Abil: Rolling Charge    |     2 |     1 |       |     1 ||     4
  Use: Scroll            |     5 |    10 |     6 |    10 ||    31
       Potion            |     3 |       |     3 |     3 ||     9
Armor: Scale mail        |   105 |   168 |   108 |    15 ||   396
       Skin              |       |       |     2 |     1 ||     3
       Swamp dragon scal |       |       |       |    87 ||    87
Dodge: Dodged            |    64 |   128 |    79 |    80 ||   351
Block: Kite shield       |    46 |    28 |       |       ||    74
